 Dungeon Crawl Stone Soup version 0.29-a0-414-g5075937ec3 (webtiles) character file.

Game seed: 11459553167715252256

255 trckry the Conjurer (level 5, -3/21 HPs)
             Began as a Felid Conjurer on May 15, 2022.
             Shot with an arrow by a centaur (10 damage)
             ... on level 5 of the Dungeon.
             The game lasted 00:11:12 (4139 turns).

trckry the Conjurer (Felid Conjurer)                Turns: 4139, Time: 00:11:13

Health: -3/21      AC:  2    Str:  3    XL:     5   Next: 91%
Magic:  2/11       EV: 17    Int: 21    God:
Gold:   217        SH:  0    Dex: 15    Spells: 4/11 levels left
                                        Lives:  0   Deaths: 1

rFire   . . .      SeeInvis +   (weapon unavailable)
rCold   . . .      Faith    .   (shield unavailable)
rNeg    . . .      Spirit   .   (body armour unavailable)
rPois   .          Reflect  .   (helmet unavailable)
rElec   .          Harm     .   (cloak unavailable)
rCorr   .          Rampage  .   (gloves unavailable)
Will    .....                   (boots unavailable)
Stlth   ++........              (no amulet)
HPRegen 0.07/turn               (no ring)
MPRegen 0.12/turn               (no ring)

@: quick
A: very small, claws 1, fangs 3, see invisible, speed 1, shaggy fur 2, stealthy
paws, no weapons or thrown items, no armour, multi-lived
a: no special abilities


You were on level 5 of the Dungeon.
You visited 1 branch of the dungeon, and saw 5 of its levels.

You collected 217 gold pieces.

Inventory:

Jewellery
 n - a ring of ice
 s - a ring of flight
Wands
 m - a wand of flame (13)
Scrolls
 d - 4 scrolls of identify {unknown}
 f - a scroll of amnesia {unknown}
 g - a scroll of enchant weapon {unknown}
 i - a scroll of torment {unknown}
 j - a scroll of vulnerability {unknown}
 l - a scroll of enchant armour {unknown}
 o - 2 scrolls of noise {unknown}
 p - a scroll of fear {unknown}
 r - a scroll of poison {unknown}
 t - a scroll of magic mapping {unknown}
 u - a scroll of brand weapon {unknown}
 v - a scroll of silence {unknown}
 w - a scroll of blinking {unknown}
Potions
 a - a potion of magic
 b - 2 potions of invisibility {unknown}
 c - 3 potions of degeneration {unknown}
 e - a potion of brilliance {unknown}
 h - a potion of ambrosia {unknown}
 k - a potion of mutation {unknown}
 q - 2 potions of curing {unknown}


   Skills:
 - Level 3.0 Dodging
 - Level 3.0 Stealth
 + Level 3.8 Spellcasting
 * Level 6.0 Conjurations
 + Level 4.3 Hexes


You had 4 spell levels left.
You knew the following spells:

 Your Spells              Type           Power      Damage    Failure   Level
a - Magic Dart            Conj           100%       1d8       1%          1
b - Searing Ray           Conj           58%        2d6       1%          2
c - Fulminant Prism       Conj/Hex       12%        3d9       14%         4

Your spell library contained the following spells:

 Spells                   Type           Power      Damage    Failure   Level
 Dazzling Flash           Conj/Hex       50%        N/A       4%          3
 Freeze                   Ice            16%        1d4       12%         1
 Hailstorm                Conj/Ice       16%        3d6       34%         4
 Iskenderun's Mystic Bla  Conj/Tloc      16%        2d5       34%         4
 Frozen Ramparts          Ice            8%         1d2       36%         3


Dungeon Overview and Level Annotations

Branches:
Dungeon (5/15)
 Temple: D:4-7

Altars:
Makhleb
Qazlal

Annotations:
D:5 Blork the orc


Innate Abilities, Weirdness & Mutations

You have sharp claws.
You have razor-sharp teeth.
You have supernaturally acute eyesight. (SInv)
You cover ground quickly. (Speed+)
You are covered in thick fur. (AC +2)
Your paws help you pounce on unaware monsters.
You are incapable of wielding weapons or throwing items.
You cannot wear armour.
You gain extra lives every three experience levels.


Message History

Your fulminant prism crackles loudly.
The phantom hits your fulminant prism.
Your fulminant prism explodes!
The blast of energy engulfs the phantom!
The phantom is moderately damaged.
The blast of energy engulfs Blork the orc!!
Blork the orc is heavily wounded.
Casting: Fulminant Prism (potentially lethal; 14% risk of failure)
Confirm with . or Enter, or press ? or * to list all spells.
The spell is potentially lethal to miscast (14% risk of failure)!
Continue anyway?
Aiming: Fulminant Prism (potentially lethal; 14% risk of failure)
Press: ? - help, Dir - move target You miscast Fulminant Prism.
You are very lightly contaminated with residual magic.
Nothing appears to happen.
You now have 3/11 mp.
Casting: Fulminant Prism (potentially lethal; 14% risk of failure)
Confirm with . or Enter, or press ? or * to list all spells.
The spell is potentially lethal to miscast (14% risk of failure)!
Continue anyway?
Aiming: Fulminant Prism (potentially lethal; 14% risk of failure)
Press: ? - help, Dir - move target You miscast Fulminant Prism.
Nothing appears to happen.
You now have 0/11 mp.
Blork the orc screams, "You are the ugliest creature I've ever seen!"
Blork the orc mumbles some strange words.
Blork the orc seems to speed up.
You open the door.
Found a long sword.
Blork the orc screams, "I'll crush all your ribs!
One by one!"
Your magical contamination has completely faded away.
There is an open door here.
Found 27 stones.
The centaur shouts!
The centaur shoots an arrow.
The arrow barely misses you.
Blork the orc points at you and mumbles some strange words.
The puff of frost hits you!
Ouch! That really hurt!
You take 11 damage, and have 7/21 hp.
MASSIVE DAMAGE!!
The centaur shoots an arrow.
The arrow hits you!
You die...

############## #.# #.#
#.# ### ##########c#
#.+ #..........# #.#
+..........# #.#
#..........#####.##
+....@..o..'...W..####
#..........#######....
#(.....)...# ####.
#..........# #.
#####+##+### ########o
#...W.... #.#######
#.# #.#


You could see Blork the orc (fast) and a centaur.

Vanquished Creatures
  A black bear (D:4)
  An ogre (D:4)
  A phantom (D:4)
  A howler monkey (D:4)
  An orc priest (D:4)
  4 gnolls (D:4)
  6 adders
  2 worms (D:2)
  2 dart slugs
  11 orcs
  4 ball pythons
  8 endoplasms
  5 giant cockroaches
  3 goblins
  3 hobgoblins
  6 kobolds
  2 quokkas (D:4)
  5 bats
  2 frilled lizards
  A rat (D:1)
69 creatures vanquished.

Vanquished Creatures (others)
  A fulminant prism (D:5)
1 creature vanquished.

Grand Total: 70 creatures vanquished

Notes
Turn   | Place    | Note
-------+----------+-------------------------------------------
     0 | D:1      | trckry the Felid Conjurer began the quest for the Orb.
     0 | D:1      | Reached XP level 1. HP: 7/7 MP: 4/4
   578 | D:1      | Reached XP level 2. HP: 11/11 MP: 1/6
   687 | D:1      | Found a faded altar of an unknown god.
  1063 | D:2      | Learned a level 2 spell: Searing Ray
  1112 | D:2      | Reached skill level 4 in Conjurations
  1191 | D:2      | Identified the +1 dagger "Tigrib" {freeze, rF+ rC++ rCorr
                  | Int-3}
  1202 | D:2      | Reached XP level 3. HP: 14/14 MP: 1/7
  1907 | D:3      | Reached XP level 4. HP: 18/18 MP: 4/9
  2225 | D:3      | Found a stormy altar of Qazlal.
  2928 | D:4      | Reached skill level 5 in Conjurations
  2928 | D:4      | Reached XP level 5. HP: 21/21 MP: 5/10
  3015 | D:4      | Noticed a phantom
  3032 | D:4      | Noticed an ogre
  3152 | D:3      | Learned a level 4 spell: Fulminant Prism
  3188 | D:4      | Noticed a black bear
  3213 | D:4      | Killed a black bear
  3277 | D:4      | Gained mutation: You are covered in thick fur. (AC +2)
                  | [Felid growth]
  3277 | D:4      | Reached XP level 6. HP: 24/24 MP: 2/12
  3853 | D:4      | Reached skill level 6 in Conjurations
  4003 | D:4      | Found a burning altar of Makhleb.
  4065 | D:5      | Entered Level 5 of the Dungeon
  4073 | D:5      | Shot with an arrow by a centaur
  4074 | D:5      | Reached XP level 5. HP: -5/21 MP: 8/11
  4104 | D:5      | Noticed Blork the orc
  4105 | D:5      | Noticed a phantom
  4139 | D:5      | Shot with an arrow by a centaur

Illustrated notes

Levels and vault maps discovered:
D:1:      eino_arrival_druids_welcome, layout_basic,
          ebering_ecumenical_altar_webs, minmay_tromino_v4_b
D:2:      layout_rooms
D:3:      minmay_spotlight, layout_loops_ring, grunt_qazlal_clouds
D:4:      layout_rooms, mainiacjoe_overflow_alcove_1
D:5:      layout_basic, temple_green, kennysheep_flooded_box, uniq_blork_the_orc

Skill      XL: |  1  2  3  4  5  6 |
---------------+-------------------+-----
Stealth        | 3 |  3.0
Dodging        | 3 |  3.0
Conjurations   | 4 5 6 |  6.0
Spellcasting   | 3 |  3.8
Hexes          | 2 4 |  4.3

Action                   |  1- 3 |  4- 6 || total
-------------------------+-------+-------++-------
Melee: Unarmed           |     2 |       ||     2
 Cast: Magic Dart        |    67 |    58 ||   125
       Searing Ray       |     2 |    14 ||    16
       Fulminant Prism   |       |     1 ||     1
Armor: Skin              |     1 |     2 ||     3
Dodge: Dodged            |     8 |    10 ||    18

Table legend: (Time is in decaauts)
 A = Elapsed time spent in this place.
 B = Non-inter-level travel time spent in this place.
 C = Inter-level travel time spent in this place.
 D = Time resting spent in this place.
 E = Time spent auto-exploring this place.
 F = Levels seen in this place.
 G = Mean time per level.
                   A        B        C        D        E       F      G
               +--------+--------+--------+--------+--------+-----+--------+
         Total |   3662 |   3534 |    128 |      0 |   2896 |   5 |  732.4 |
       Dungeon |   3662 |   3534 |    128 |      0 |   2896 |   5 |  732.4 |
               +--------+--------+--------+--------+--------+-----+--------+

Top non-repeatable levels by time:
     D:4: 992 daAuts
     D:3: 972 daAuts
     D:1: 897 daAuts
     D:2: 739 daAuts
     D:5: 61 daAuts
